 Dungeon Crawl Stone Soup version 0.22-a0-567-gff9aefc (webtiles) character file.

45855 vierth the Severer (level 14, -3/126 HPs)
             Began as a Minotaur Fighter on June 28, 2018.
             Was a High Priest of Trog.
             Slain by a wyvern (20 damage)
             ... on level 6 of the Lair of Beasts on June 29, 2018.
             The game lasted 00:56:26 (18535 turns).

vierth the Severer (Minotaur Fighter)              Turns: 18535, Time: 00:56:27

Health: -3/126     AC:  0    Str: 24    XL:     14   Next: 2%
Magic:  13/13      EV: 14    Int:  5    God:    Trog [*****.]
Gold:   912        SH:  6    Dex: 12    Spells: 13/13 levels left

rFire    . . .     SeeInvis .   (weapon currently unavailable)
rCold    . . .     Gourm    .   (shield currently unavailable)
rNeg     . . .     Faith    .   (armour currently unavailable)
rPois    .         Spirit   .   (helmet currently unavailable)
rElec    .         Reflect  +   (cloak currently unavailable)
rCorr    .         Harm     .   (gloves currently unavailable)
MR       +....                  (boots currently unavailable)
Stlth    ++........             o - +6 amulet of reflection
HPRegen  0.31/turn              (ring currently unavailable)
MPRegen  0.13/turn              (ring currently unavailable)

@: about to teleport, pig-form, very quick
A: small, (retaliatory headbutt)
a: Berserk, Trog's Hand, Brothers in Arms, Renounce Religion


You were on level 6 of the Lair of Beasts.
You worshipped Trog.
Trog was extremely pleased with you.
You were not hungry.
You were a filthy swine.
You visited 3 branches of the dungeon, and saw 21 of its levels.

You collected 912 gold pieces.

Inventory:

Hand Weapons
 t - a +1 war axe of pain
 O - a +1 mace (melded)
Missiles
 R - 8 needles of confusion
Armour
 b - a +0 pair of boots (melded)
 c - a +0 shield (melded)
 g - a +0 cloak (melded)
 r - a +0 pair of gloves (melded)
 H - a +1 troll leather armour {Snorg}
 K - a +4 chain mail (melded)
Jewellery
 j - an uncursed ring of stealth
 m - a ring of stealth (melded)
 o - a +6 amulet of reflection (around neck)
 E - a ring of see invisible (melded)
 L - an uncursed ring of protection from fire
Wands
 h - a wand of enslavement (9)
 y - a wand of acid (6)
 C - a wand of flame (131)
 J - a wand of disintegration (11)
 T - a wand of iceblast (9)
Scrolls
 i - 6 scrolls of identify
 k - 3 scrolls of amnesia
 n - 9 scrolls of remove curse
 q - 14 scrolls of teleportation
 v - 4 scrolls of enchant armour
 A - 4 scrolls of enchant weapon
 B - a scroll of summoning
 I - 2 scrolls of fear
Potions
 a - 4 potions of agility
 d - 4 potions of might
 e - 3 potions of heal wounds
 l - a potion of degeneration {unknown}
 p - 2 potions of cancellation
 s - 4 potions of curing
 u - 5 potions of flight
 w - 2 potions of magic {unknown}
 x - 2 potions of lignification {unknown}
 z - a potion of resistance {unknown}
 F - 4 potions of haste
 G - 2 potions of brilliance {unknown}
 S - 2 potions of mutation {unknown}
Miscellaneous
 D - a lamp of fire
 N - a crystal ball of energy
Comestibles
 f - 20 rations


   Skills:
 + Level 12.1 Fighting
 * Level 16.6 Axes
 * Level 16.0 Armour
 - Level 2.2 Dodging
 - Level 1.1 Stealth
 + Level 12.3 Shields


You had 13 spell levels left.
You didn't know any spells.
Your spell library was empty.

Dungeon Overview and Level Annotations

Branches:
Dungeon (14/15)            Temple (1/1) D:6            Lair (6/6) D:10
 Shoals (0/4) Lair:3       Spider (0/4) Lair:3        Slime (0/5) Lair:5
    Orc (0/2) D:10         Vaults (0/5) D:14

Altars:
Ashenzari
Cheibriados
Dithmenos
Elyvilon
Fedhas
Gozag
Hepliaklqana
Kikubaaqudgha
Makhleb
Nemelex Xobeh
Okawaru
Qazlal
Ru
Sif Muna
Trog
Uskayaw
Vehumet
Wu Jian
Xom
Yredelemnul
Zin
The Shining One
Jiyva

Shops:
D:4 :   D:6 }!*   D:12 *

Annotations:
D:3 1 runed door, tstbtto's ghost, amateur CeBe
D:9 3 runed doors
D:13 2 transporters, Turgon's ghost, journeyman TrFi
Lair:3 1 runed door
Lair:4 2 transporters, tstbtto's ghost, journeyman DsBe
Lair:6 Kirke


Innate Abilities, Weirdness & Mutations

((You reflexively headbutt those who attack you in melee.))
((You have a pair of horns on your head.))


Message History

The worker ant closely misses you.
You hit the worker ant but do no damage.
The worker ant is heavily wounded.
A wyvern comes into view.
You block the worker ant's attack.
You are no longer corroded.
The wyvern hisses angrily.
You bite the worker ant!
You kill the worker ant!
Trog accepts your kill.
A wyvern is nearby!
Aiming: Iceblast
Press: ? - help, Shift-Dir - straight line That beam is likely to hit you.
Continue anyway? [Y]es or [N]o only, please.
That beam is likely to hit you.
Continue anyway?
Okay, then.
As you read the scroll of teleportation, it crumbles to dust.
You feel strangely unstable. The wyvern misses you. The wyvern bites you!!
You die...

##############
#h#...........
##l...........
##...........
#...........
#.$..........
#.............
##............
#............
##$.......#..


You could see a wyvern.

Vanquished Creatures
  Snorg (Lair:5)
  10 hydras
  Erolcha (D:13)
  A catoblepas (D:13)
  2 dancing weapons (D:14)
  A two-headed ogre (D:10)
  6 death yaks (Lair:5)
  2 unseen horrors
  Pikel (D:6)
  A wolf spider (Lair:6)
  3 ugly things
  2 cyclopes
  A merfolk siren (Lair:3)
  3 elephants (Lair:5)
  2 black mambas
  6 spiny frogs
  6 komodo dragons
  A rime drake (Lair:5)
  3 trolls
  2 merfolk (Lair:3)
  2 polar bears
  Grinder (D:6)
  6 hippogriffs
  2 hornets
  A meliai zombie (D:13)
  9 blink frogs
  4 wyverns (Lair:6)
  34 yaks
  A wraith (D:10)
  A steam dragon (D:8)
  A hungry ghost (D:9)
  5 wargs
  11 water moccasins
  Duvessa (D:7)
  2 porcupines
  2 black bears
  4 ice beasts
  A slave (D:6)
  5 orc warriors
  A hornet zombie (D:9)
  3 phantoms
  12 ogres
  4 sky beasts
  15 crocodiles
  A centaur (D:5)
  14 wolves
  2 big kobolds
  11 bullfrogs
  A gnoll sergeant (D:8)
  A wyvern skeleton (D:10)
  Dowan (D:7)
  2 scorpions
  3 killer bees (D:9)
  3 wights (D:11)
  A howler monkey (D:7)
  2 electric eels
  2 crimson imps
  A bullfrog zombie (D:7)
  11 hounds
  3 jellies
  6 orc priests
  4 centaur skeletons
  2 centaur zombies
  Crazy Yiuf (D:4)
  A bullfrog skeleton (D:9)
  An iguana (D:7)
  11 orc wizards
  An iron imp (D:7)
  Jessica (D:2)
  Ijyb (D:5)
  11 worker ants
  2 hell rats (Lair:2)
  A worker ant zombie (D:9)
  9 gnolls
  15 adders
  10 river rats (Lair:2)
  2 shadow imps
  An adder zombie (D:7)
  An ooze (D:1)
  5 worms
  A dart slug (D:3)
  6 leopard geckos
  30 orcs
  3 ball pythons
  4 giant cockroaches
  5 goblins
  7 hobgoblins
  2 jackals (D:1)
  5 quokkas
  10 bats
  5 frilled lizards
  A jackal zombie (D:7)
  18 kobolds
  A leopard gecko zombie (D:9)
  7 rats
433 creatures vanquished.

Vanquished Creatures (others)
  2 centaurs
  A hound (D:6)
  2 kobolds (D:7)
  10 fungi
  42 plants
57 creatures vanquished.

Grand Total: 490 creatures vanquished

Notes
Turn   | Place    | Note
-------+----------+-------------------------------------------
     0 | D:1      | vierth the Minotaur Fighter began the quest for the Orb.
     0 | D:1      | Reached XP level 1. HP: 19/19 MP: 0/0
    83 | D:1      | Reached XP level 2. HP: 27/27 MP: 1/1
   394 | D:1      | Reached XP level 3. HP: 13/33 MP: 2/2
  1055 | D:2      | Noticed Jessica
  1071 | D:2      | Killed Jessica
  1071 | D:2      | Reached XP level 4. HP: 30/40 MP: 3/3
  1108 | D:2      | Reached skill level 1 in Dodging
  1253 | D:2      | Found a basalt altar of Yredelemnul.
  1410 | D:2      | Found a blossoming altar of Fedhas.
  1432 | D:2      | Found a shadowy altar of Dithmenos.
  1589 | D:3      | Reached XP level 5. HP: 46/46 MP: 4/4
  1910 | D:3      | Found a runed door.
  1911 | D:3      | Noticed tstbtto's ghost (amateur CeBe)
  1926 | D:3      | Reached skill level 5 in Axes
  1973 | D:3      | Noticed a sky beast
  1996 | D:3      | Killed a sky beast
  1996 | D:3      | Reached skill level 1 in Stealth
  1996 | D:3      | Reached XP level 6. HP: 34/52 MP: 5/5
  2178 | D:3      | Found a shimmering altar of Xom.
  2290 | D:3      | Found a deep blue altar of Sif Muna.
  2470 | D:4      | Found a stormy altar of Qazlal.
  2685 | D:4      | Found Mus Gug's Book Boutique.
  2805 | D:4      | Found a runed door.
  2906 | D:4      | Noticed Crazy Yiuf
  2911 | D:4      | Killed Crazy Yiuf
  2911 | D:4      | Reached skill level 5 in Shields
  2911 | D:4      | Reached XP level 7. HP: 50/60 MP: 6/6
  3145 | D:5      | Entered Level 5 of the Dungeon
  3253 | D:5      | Found a stormy altar of Qazlal.
  3253 | D:5      | Found a faded altar of an unknown god.
  3258 | D:5      | Found a burning altar of Makhleb.
  3260 | D:5      | Found a faded altar of an unknown god.
  3262 | D:5      | Found an opulent altar of Gozag.
  3316 | D:5      | Found a bloodstained altar of Trog.
  3320 | D:5      | Became a worshipper of Trog the Wrathful
  3362 | D:5      | Noticed Ijyb
  3372 | D:5      | Killed Ijyb
  3372 | D:5      | Reached skill level 5 in Armour
  3482 | D:5      | Got a crude pewter amulet
  3621 | D:5      | Found a sacrificial altar of Ru.
  3787 | D:5      | Reached skill level 5 in Fighting
  3839 | D:5      | Identified the amulet of Xom's Recklessness {Inacc rF+ Int-5 Stlth+} (You found it on level 5 of the Dungeon)
  3851 | D:6      | Noticed Pikel
  3891 | D:6      | Killed Pikel
  3891 | D:6      | Reached XP level 8. HP: 47/69 MP: 7/7
  3992 | D:6      | Found Nuwaur's Distillery.
  4046 | D:6      | Noticed Grinder
  4056 | D:6      | Killed Grinder
  4195 | D:6      | Found Serexeu's General Store.
  4418 | D:6      | Found an ancient bone altar of Kikubaaqudgha.
  4440 | D:6      | Found Xuagh's Gadget Emporium.
  4856 | D:6      | Found a staircase to the Ecumenical Temple.
  4866 | Temple   | Entered the Ecumenical Temple
  5194 | D:7      | Noticed Dowan
  5422 | D:7      | Reached XP level 9. HP: 74/75 MP: 8/8
  5437 | D:7      | Killed Dowan
  5437 | D:7      | Reached * piety under Trog
  5520 | D:7      | Found a stormy altar of Qazlal.
  5546 | D:7      | Noticed Duvessa
  5561 | D:7      | Killed Duvessa
  5735 | D:7      | Found a radiant altar of Vehumet.
  6116 | D:7      | Found a snail-covered altar of Cheibriados.
  6157 | D:8      | Reached skill level 10 in Axes
  6385 | D:8      | Found a blossoming altar of Fedhas.
  6491 | D:8      | Found an ornate altar of the Wu Jian Council.
  6880 | D:9      | Reached ** piety under Trog
  6987 | D:9      | Reached XP level 10. HP: 86/86 MP: 9/9
  7111 | D:9      | Found a runed door.
  7112 | D:9      | Noticed a white ugly thing
  7156 | D:9      | Reached skill level 10 in Armour
  7391 | D:9      | Noticed a white ugly thing
  7446 | D:9      | Noticed a cyclops
  7455 | D:9      | Killed a cyclops
  7548 | D:9      | Found a runed door.
  7548 | D:9      | Found a runed door.
  7550 | D:9      | Noticed a manticore
  7564 | D:9      | Killed a white ugly thing
  8089 | D:10     | Entered Level 10 of the Dungeon
  8174 | D:10     | Reached *** piety under Trog
  8563 | D:10     | Noticed a two-headed ogre
  8571 | D:10     | Killed a two-headed ogre
  8571 | D:10     | Reached XP level 11. HP: 95/95 MP: 10/10
  8627 | D:10     | Found a staircase to the Orcish Mines.
  8845 | D:10     | Found a staircase to the Lair.
  9313 | D:11     | Noticed a six-headed hydra
  9324 | D:11     | Killed a six-headed hydra
  9371 | D:11     | Upgraded the game from 0.22-a0-565-gfc6459a to 0.22-a0-567-gff9aefc
  9890 | D:11     | Reached **** piety under Trog
 10327 | D:12     | Noticed a five-headed hydra
 10337 | D:12     | Killed a five-headed hydra
 10525 | D:12     | Found Gonaizacw's Assorted Antiques.
 10735 | D:12     | Got a heavily runed ring mail
 10751 | D:12     | Identified the +2 ring mail "Aweiprig" {*Contam rN+ MR+ Stlth+} (You found it on level 12 of the Dungeon)
 10766 | D:12     | Noticed a white ugly thing
 10805 | D:13     | Found a transporter.
 10805 | D:13     | Noticed Erolcha
 10809 | D:13     | Found a transporter.
 10809 | D:13     | Noticed Turgon's ghost (journeyman TrFi)
 10809 | D:13     | Noticed an unseen horror
 10813 | D:13     | Noticed a catoblepas
 10819 | D:13     | Killed Erolcha
 10819 | D:13     | Reached skill level 10 in Shields
 10825 | D:12     | Killed a white ugly thing
 11221 | D:12     | Paralysed by a hornet for 2 turns
 11503 | D:12     | Noticed an unseen horror
 11518 | D:12     | Killed an unseen horror
 11518 | D:12     | Reached XP level 12. HP: 106/106 MP: 11/11
 11620 | D:13     | Reached skill level 10 in Fighting
 11674 | D:13     | Killed a catoblepas
 12129 | D:13     | Received a gift from Trog
 12187 | D:13     | Noticed a death knight
 12189 | D:13     | Noticed a death knight
 12419 | D:14     | Found a gate to the Vaults.
 12547 | D:14     | Noticed a death knight
 12659 | Lair:1   | Entered Level 1 of the Lair of Beasts
 12768 | Lair:1   | Noticed a seven-headed hydra
 12776 | Lair:1   | Killed a seven-headed hydra
 13797 | Lair:2   | Noticed an eight-headed hydra
 13806 | Lair:2   | Killed an eight-headed hydra
 14149 | Lair:2   | Reached skill level 15 in Axes
 14373 | Lair:3   | Found a hole to the Spider Nest.
 14974 | Lair:3   | Reached XP level 13. HP: 116/116 MP: 12/12
 15235 | Lair:3   | Found a runed door.
 15317 | Lair:3   | Found a staircase to the Shoals.
 15558 | Lair:4   | Reached ***** piety under Trog
 15597 | Lair:4   | Noticed tstbtto's ghost (journeyman DsBe)
 15934 | Lair:4   | Found a transporter.
 15998 | Lair:4   | Reached skill level 15 in Armour
 16049 | Lair:4   | Found a transporter.
 16456 | Lair:5   | Found a shadowy altar of Dithmenos.
 16626 | Lair:5   | Noticed Snorg
 16664 | Lair:5   | Killed Snorg
 17246 | Lair:5   | Found a staircase to the Slime Pits.
 17246 | Lair:5   | Found a viscous altar of Jiyva.
 17823 | Lair:6   | Entered Level 6 of the Lair of Beasts
 17823 | Lair:6   | Noticed Kirke
 18181 | Lair:6   | Reached XP level 14. HP: 96/126 MP: 13/13
 18503 | Lair:6   | Noticed an entropy weaver
 18517 | Lair:6   | HP: 4/126 [hog[Kirke] (14)]
 18535 | Lair:6   | Slain by a wyvern

Vault maps used:
D:1:      dpeg_arrival_houses_and_road, minmay_statues_item,
          hangedman_decor_push
D:2:      lemuel_crystal_altar, grunt_dithmenos_smoke_and_mirrors,
          corexii_item_surrounded_by_moat, hangedman_decor_growths,
          fedhas_altar_3, uniq_jessica
D:3:      led_sif_book, marbit_many_paths, ebering_ghost_reflecting_pool
D:4:      first_ration, serial_shops, nicolae_shop_competitors_out_of_business,
          grunt_qazlal_clouds, uniq_crazy_yiuf_cottage
D:5:      nicolae_ru_great_annihilating_truth,
          chequers_temple_overflow_minitemple, trog_three_pillars_becter,
          uniq_ijyb
D:6:      kiku_gazebo_pond_becter, temple_hall, serial_shops, shop, shop, shop,
          uniq_pikel, uniq_grinder
D:7:      slow_altar_2, vehumet_crystals, basic_altar, grunt_ogre_cave,
          uniq_duvessa
D:8:      kennysheep_little_box, old_standard_altar
D:9:      minmay_the_grid_triangle_9x9_recursive_2_mashed, supply_closet_lemuel
D:10:     david_lair_shrubbed, orc_0_dummy, hangedman_decor_lopped,
          nooodl_orcs_dogs
D:12:     serial_shops, nicolae_shop_overgrown_old_shop, serial_park_tiny_1
D:13:     gammafunk_ghost_mausoleum, uniq_erolcha
D:14:     erik_vaults_1, minmay_misc_feat_rugged
Temple:   compressed_dpeg_triangle_lava_temple
Lair:2:   kennysheep_rathole
Lair:3:   elwin_shoals_entry_rooms, dummy_spider_entry, pf_torpor_hydra
Lair:4:   gammafunk_ghost_arena, st_stairs_8
Lair:5:   slime_altar_1, basic_altar, serial_bayou_lake_a, lemuel_fruit_tree,
          serial_bayou_shore_b, uniq_snorg
Lair:6:   hangedman_lair_tendril_chambers, hangedman_lair_caniforms_friends,
          minmay_another_anthill, uniq_kirke

Skill      XL: |  1  2  3  4  5  6  7  8  9 10 11 12 13 |
---------------+----------------------------------------+-----
Fighting       | 4 5 6 7 8 9 11 12 | 12.1
Shields        | 4 5 6 7 9 10 11 12 | 12.3
Axes           | 3 4 5 6 8 9 10 12 13 15 16 | 16.6
Armour         | 4 6 7 9 11 13 14 16 | 16.0
Dodging        | 1 2 |  2.2
Stealth        | 1 |  1.1

Action                   |  1- 3 |  4- 6 |  7- 9 | 10-12 | 13-15 || total
-------------------------+-------+-------+-------+-------+-------++-------
Melee: War axe           |    74 |   133 |   292 |   632 |   173 ||  1304
       Headbutt          |     4 |    21 |    61 |   184 |   116 ||   386
       Mace              |       |       |       |   122 |   270 ||   392
       Unarmed           |       |       |       |       |     9 ||     9
Invok: Berserk           |       |       |       |     8 |    10 ||    18
  Use: Scroll            |     2 |       |     2 |    24 |     5 ||    33
       Potion            |       |       |       |       |     2 ||     2
 Stab: Sleeping          |       |     1 |     1 |       |       ||     2
       Paralysed         |       |       |     2 |       |       ||     2
       Distracted        |       |       |       |       |     1 ||     1
  Eat: Ration            |     1 |     1 |     4 |    10 |     7 ||    23
Armor: Scale mail        |    33 |    41 |    21 |       |       ||    95
       Chain mail        |       |       |    90 |   230 |   168 ||   488
Dodge: Dodged            |    28 |    30 |    72 |   141 |   138 ||   409
Block: Shield            |    71 |    83 |   187 |   587 |   419 ||  1347
       Reflection        |     2 |     2 |    10 |    12 |       ||    26
       Other             |       |       |       |       |     5 ||     5

Table legend:
 A = Spawn XP
 B = Non-spawn XP
 C = Spawn XP percentage of total XP
 D = Spawn monster count
 E = Non-spawn monster count
 F = Spawn count percentage of total count
 G = Total turns spent on level
                    A         B        C        D         E        F      G
               +---------+---------+-------+---------+---------+-------+---------
         Total |       0 |   65508 |   0.0 |       0 |     434 |   0.0 | 18535
               +---------+---------+-------+---------+---------+-------+---------
           D:1 |       0 |      46 |   0.0 |       0 |      18 |   0.0 |   948
           D:2 |       0 |     131 |   0.0 |       0 |      26 |   0.0 |   600
           D:3 |       0 |     224 |   0.0 |       0 |      25 |   0.0 |   843
           D:4 |       0 |     347 |   0.0 |       0 |      15 |   0.0 |   754
           D:5 |       0 |     497 |   0.0 |       0 |      21 |   0.0 |   706
           D:6 |       0 |    1317 |   0.0 |       0 |       8 |   0.0 |  1260
           D:7 |       0 |    1259 |   0.0 |       0 |      32 |   0.0 |   839
           D:8 |       0 |     654 |   0.0 |       0 |      10 |   0.0 |   555
           D:9 |       0 |    4363 |   0.0 |       0 |      42 |   0.0 |  1390
          D:10 |       0 |    4402 |   0.0 |       0 |      39 |   0.0 |  1241
          D:11 |       0 |    3745 |   0.0 |       0 |      23 |   0.0 |  1057
          D:12 |       0 |    3777 |   0.0 |       0 |      20 |   0.0 |  1235
          D:13 |       0 |    5257 |   0.0 |       0 |      18 |   0.0 |   872
          D:14 |       0 |    2295 |   0.0 |       0 |       3 |   0.0 |   165
        Lair:1 |       0 |    3192 |   0.0 |       0 |      12 |   0.0 |   931
        Lair:2 |       0 |    3021 |   0.0 |       0 |      22 |   0.0 |   752
        Lair:3 |       0 |    5572 |   0.0 |       0 |      23 |   0.0 |  1095
        Lair:4 |       0 |    6290 |   0.0 |       0 |      22 |   0.0 |   793
        Lair:5 |       0 |   14190 |   0.0 |       0 |      39 |   0.0 |  1614
        Lair:6 |       0 |    4929 |   0.0 |       0 |      16 |   0.0 |   691
               +---------+---------+-------+---------+---------+-------+---------
